 Dungeon Crawl Stone Soup version 0.30-a0-142-g7370640ec8 (webtiles) character file.

Game seed: 11258787519911775634

208 qw the Chopper (level 5, -2/32 HPs)
             Began as a Gargoyle Fighter on Sept 26, 2022.
             Slain by an orc wizard
             ... wielding a +0 dagger
              (4 damage)
             ... on level 4 of the Dungeon.
             The game lasted 00:01:12 (3932 turns).

qw the Chopper (Gargoyle Fighter)                   Turns: 3932, Time: 00:01:13

Health: -2/32      AC: 13    Str: 27    XL:     5   Next: 86%
Magic:  5/5        EV:  9    Int:  8    God:
Gold:   99         SH:  4    Dex:  9    Spells: 4/4 levels left

rFire   . . .      SeeInvis .    Y - +0 war axe (vorpal)
rCold   . . .      Faith    .    c - +0 buckler
rNeg    + + .      Spirit   .    b - +0 scale mail
rPois   inf        Reflect  .    a - +1 helmet of Polish {rN+ Str+5}
rElec   +          Harm     .    (no cloak)
rCorr   .          Rampage  .    (no gloves)
Will    .....                    (no boots)
Stlth   ..........               (no amulet)
HPRegen 0.10/turn                (no ring)
MPRegen 0.09/turn                (no ring)

@: no status effects
A: sickness immunity, AC +4, negative energy resistance 1, electricity
resistance, torment resistance 1, petrification resistance
a: no special abilities


You were on level 4 of the Dungeon.
You visited 1 branch of the dungeon, and saw 4 of its levels.

You collected 99 gold pieces.


Innate Abilities, Weirdness & Mutations

You are immune to sickness and miasma.
Your stone body is resilient. (AC +4)
You are immune to poison.
You resist negative energy. (rN+)
You are resistant to electric shocks. (rElec)
You are resistant to unholy torment.
You are immune to petrification.


   Skills:
 + Level 3.3 Fighting
 - Level 5.1 Axes
 - Level 3.2 Armour
 - Level 1.0 Dodging
 - Level 3.2 Shields


You had 4 spell levels left.
You didn't know any spells.
Your spell library was empty.

Inventory:

Hand Weapons
 l - a +0 vampiric whip
 Y - a +0 vorpal war axe (weapon)
Missiles
 o - 6 boomerangs (quivered)
Armour
 a - the +1 helmet of Polish (worn) {rN+ Str+5}
   (You found it on level 3 of the Dungeon)

   Str:       It affects your strength (+5).
   rN:        It protects you from negative energy.
 b - a +0 scale mail (worn)
 c - a +0 buckler (worn)
Scrolls
 h - a scroll of teleportation
 i - 2 scrolls of identify
Potions
 d - a potion of might
 f - a potion of resistance
 g - 2 potions of curing
 j - 2 potions of lignification
 k - a potion of heal wounds
 n - a potion of attraction

Dungeon Overview and Level Annotations

Branches:
Dungeon (4/15)
 Temple: D:4-7

Altars:
Trog


Message History

You hear some strange, mumbled words.
A puff of flame appears from out of thin air!
The puff of flame hits you!
You swing at nothing.
You barely miss something.
You hear the hiss of a very distant avalanche of sand.
Something hits you but does no damage.
You miss something. You block something's attack.
You hit something.
Something hits you but does no damage. x2
You closely miss something.
You hear some strange, mumbled words.
You are confused.
3925 ||| DRINKING 3 potions of curing.
You feel better.
3925 ||| (to cure confusion)
You hear some strange, mumbled words.
A magic dart appears from out of thin air!
The magic dart hits you!
You miss something. Something hits you but does no damage.
You miss something. You block something's attack.
Something hits you but does no damage.
You closely miss something.
You hear some strange, mumbled words.
A magic dart appears from out of thin air!
The magic dart hits you!
You closely miss something.
You hear some strange, mumbled words.
A magic dart appears from out of thin air!
The magic dart hits you.
You closely miss something.
You hear some strange, mumbled words.
A puff of flame appears from out of thin air!
The puff of flame hits you. Something hits you but does no damage.
You closely miss something. Something hits you but does no damage.
You miss something. Something hits you.
You die...

...... ######.#.# ...########
#.#.# ...........# #.#.#
...........# ###.#.#
...........# #...#.#
..#.....>..# #.###.#
..#o.......# #.....#
.....o.....# #.....#
...........# #@....#
...........##. #{....#
.......)...... #.....#
.......#########.....#
.......'.).......#####
.......###).####.########
.....%........##.........
###.####.####.##..###########
#.##.....##.##..#.........#


There were no monsters in sight!

Vanquished Creatures
  A hound (D:3)
  Robin (D:3)
  7 gnolls (D:3)
  3 adders
  3 worms
  A dart slug (D:1)
  3 orcs (D:4)
  4 bats
  2 endoplasms
  A giant cockroach (D:1)
  12 goblins
  5 hobgoblins
  2 jackals (D:3)
  2 ball pythons
  3 frilled lizards
  6 kobolds
  5 rats
61 creatures vanquished.

Notes
Turn   | Place    | Note
-------+----------+-------------------------------------------
     0 | D:1      | qw the Gargoyle Fighter began the quest for the Orb.
     0 | D:1      | Reached XP level 1. HP: 14/14 MP: 1/1
     0 | D:1      | 0 ||| qw: Version: 0.2-a-10-g399e6c4
     0 | D:1      | 0 ||| qw: Game counter: 467
     0 | D:1      | 0 ||| qw: Always use a shield: true
     0 | D:1      | 0 ||| qw: God list: Okawaru
     0 | D:1      | 0 ||| qw: Allow faded altars: false
     0 | D:1      | 0 ||| qw: Do Orc after D:15 true
     0 | D:1      | 0 ||| qw: Do second Lair branch before Depths: true
     0 | D:1      | 0 ||| qw: Lair rune preference: random
     0 | D:1      | 0 ||| qw: Plans: Normal, Zot:1-4, God:TSO, Crypt, Tomb,
                  | Pan, Slime:5, Hells, Abyss, Orb
     0 | D:1      | 0 ||| PLANNING D:1-11
   100 | D:1      | Reached skill level 2 in Axes
   359 | D:1      | Reached XP level 2. HP: 19/19 MP: 2/2
   359 | D:1      | 359 ||| DROPPING +0 club.
   456 | D:1      | 456 ||| Stepping ~*~*~tactically~*~*~ (stealth).
   720 | D:1      | 720 ||| DROPPING +1 vorpal hand axe.
   938 | D:1      | 938 ||| READING scroll labelled GIYLAV LEBUUSA.
   939 | D:1      | 939 ||| READING 2 scrolls labelled HALAM ITSIPH.
   940 | D:1      | 940 ||| READING 2 scrolls labelled FIOMOUREUNT.
   941 | D:1      | 941 ||| READING scroll labelled UCSISHR VUMYR.
   942 | D:1      | 942 ||| DRINKING 2 bubbling puce potions.
   989 | D:1      | 989 ||| DROPPING scroll of butterflies.
  1049 | D:2      | Found a faded altar of an unknown god.
  1137 | D:2      | 1137 ||| Stepping ~*~*~tactically~*~*~ (stealth).
  1292 | D:2      | Reached skill level 3 in Axes
  1583 | D:2      | Reached XP level 3. HP: 21/23 MP: 3/3
  1976 | D:2      | 1976 ||| READING scroll labelled GASSIG XOEKOTHIRCH.
  1977 | D:2      | 1977 ||| DRINKING 2 black potions.
  1978 | D:2      | 1978 ||| DRINKING 2 silvery potions.
  1979 | D:2      | 1979 ||| DRINKING 2 dark potions.
  1980 | D:2      | 1980 ||| READING 3 scrolls of identify.
  1980 | D:2      | 1980 ||| IDENTIFYING fizzy golden potion
  1981 | D:2      | 1981 ||| READING 2 scrolls of identify.
  1981 | D:2      | 1981 ||| IDENTIFYING smoky white potion
  1982 | D:2      | 1982 ||| DROPPING potion of brilliance.
  1983 | D:2      | 1983 ||| DROPPING potion of magic.
  1984 | D:2      | 1984 ||| DROPPING potion of flight.
  2095 | D:3      | Identified the +1 helmet of Polish {rN+ Str+5}
  2144 | D:3      | 2144 ||| DROPPING +0 mace.
  2158 | D:3      | 2158 ||| Stepping ~*~*~tactically~*~*~ (hiding).
  2171 | D:3      | Reached XP level 4. HP: 12/28 MP: 4/4
  2173 | D:3      | Reached skill level 4 in Axes
  2386 | D:3      | 2386 ||| Stepping ~*~*~tactically~*~*~ (stealth).
  2549 | D:3      | 2549 ||| Stepping ~*~*~tactically~*~*~ (stealth).
  2552 | D:3      | 2552 ||| Stepping ~*~*~tactically~*~*~ (stealth).
  2556 | D:3      | 2556 ||| Stepping ~*~*~tactically~*~*~ (stealth).
  2571 | D:3      | Reached XP level 5. HP: 11/32 MP: 5/5
  2782 | D:3      | 2782 ||| DROPPING +0 flail.
  2785 | D:3      | 2785 ||| Stepping ~*~*~tactically~*~*~ (stealth).
  2788 | D:3      | 2788 ||| Stepping ~*~*~tactically~*~*~ (stealth).
  2789 | D:3      | 2789 ||| Stepping ~*~*~tactically~*~*~ (stealth).
  2794 | D:3      | Noticed Robin
  2798 | D:3      | 2798 ||| FLEEEEING.
  2799 | D:3      | 2799 ||| FLEEEEING.
  2800 | D:3      | 2800 ||| FLEEEEING.
  2806 | D:3      | 2806 ||| FLEEEEING.
  2808 | D:3      | 2808 ||| FLEEEEING.
  2809 | D:3      | 2809 ||| FLEEEEING.
  2810 | D:3      | 2810 ||| FLEEEEING.
  2811 | D:3      | 2811 ||| FLEEEEING.
  2812 | D:3      | 2812 ||| FLEEEEING.
  2813 | D:3      | 2813 ||| FLEEEEING.
  2814 | D:3      | 2814 ||| FLEEEEING.
  2815 | D:3      | 2815 ||| FLEEEEING.
  2816 | D:3      | 2816 ||| FLEEEEING.
  2817 | D:3      | 2817 ||| FLEEEEING.
  2830 | D:3      | 2830 ||| FLEEEEING.
  2831 | D:3      | 2831 ||| FLEEEEING.
  2832 | D:3      | 2832 ||| FLEEEEING.
  2833 | D:3      | 2833 ||| FLEEEEING.
  2834 | D:3      | 2834 ||| FLEEEEING.
  2835 | D:3      | 2835 ||| FLEEEEING.
  2843 | D:3      | 2843 ||| FLEEEEING.
  2844 | D:3      | 2844 ||| FLEEEEING.
  2851 | D:3      | 2851 ||| FLEEEEING.
  2852 | D:3      | 2852 ||| FLEEEEING.
  2853 | D:3      | 2853 ||| FLEEEEING.
  2854 | D:3      | 2854 ||| FLEEEEING.
  2855 | D:3      | 2855 ||| FLEEEEING.
  2856 | D:3      | 2856 ||| FLEEEEING.
  2862 | D:3      | 2862 ||| FLEEEEING.
  2863 | D:3      | 2863 ||| FLEEEEING.
  2864 | D:3      | 2864 ||| FLEEEEING.
  2865 | D:3      | 2865 ||| FLEEEEING.
  2866 | D:3      | 2866 ||| FLEEEEING.
  2876 | D:3      | 2876 ||| FLEEEEING.
  2880 | D:3      | 2880 ||| FLEEEEING.
  2881 | D:3      | 2881 ||| FLEEEEING.
  2887 | D:3      | 2887 ||| STAIRDANCE
  3045 | D:2      | 3045 ||| UPGRADING to +1 helmet of Polish {rN+ Str+5}.
  3050 | D:2      | 3050 ||| READING 2 scrolls labelled NEPTIVECESS.
  3054 | D:2      | 3054 ||| READING 3 scrolls of identify.
  3054 | D:2      | 3054 ||| IDENTIFYING brown potion
  3055 | D:2      | 3055 ||| READING 2 scrolls of identify.
  3055 | D:2      | 3055 ||| IDENTIFYING sapphire potion
  3091 | D:3      | Killed Robin
  3253 | D:3      | Reached skill level 5 in Axes
  3350 | D:3      | Identified the +11 sling "Deytorid" {flame, Str+4 Int+2}
  3607 | D:3      | 3607 ||| READING 3 scrolls labelled EPRYESO SECH.
  3608 | D:3      | 3608 ||| DROPPING 2 scrolls of magic mapping.
  3631 | D:4      | 3631 ||| PLANNING OSSUARY
  3761 | D:4      | Found a bloodstained altar of Trog.
  3860 | D:4      | 3860 ||| FLEEEEING.
  3861 | D:4      | 3861 ||| FLEEEEING.
  3862 | D:4      | 3862 ||| FLEEEEING.
  3863 | D:4      | 3863 ||| FLEEEEING.
  3864 | D:4      | 3864 ||| FLEEEEING.
  3865 | D:4      | 3865 ||| FLEEEEING.
  3866 | D:4      | 3866 ||| FLEEEEING.
  3867 | D:4      | 3867 ||| FLEEEEING.
  3868 | D:4      | 3868 ||| FLEEEEING.
  3869 | D:4      | 3869 ||| FLEEEEING.
  3870 | D:4      | 3870 ||| FLEEEEING.
  3871 | D:4      | 3871 ||| FLEEEEING.
  3872 | D:4      | 3872 ||| FLEEEEING.
  3873 | D:4      | 3873 ||| FLEEEEING.
  3880 | D:4      | Reached skill level 1 in Dodging
  3904 | D:4      | 3904 ||| FLEEEEING.
  3905 | D:4      | 3905 ||| FLEEEEING.
  3906 | D:4      | 3906 ||| FLEEEEING.
  3907 | D:4      | 3907 ||| FLEEEEING.
  3908 | D:4      | 3908 ||| FLEEEEING.
  3909 | D:4      | 3909 ||| FLEEEEING.
  3910 | D:4      | 3910 ||| FLEEEEING.
  3925 | D:4      | 3925 ||| DRINKING 3 potions of curing.
  3925 | D:4      | 3925 ||| (to cure confusion)
  3929 | D:4      | HP: 5/32 [something/magic dart (5)]
  3930 | D:4      | HP: 2/32 [something/puff of flame (3)]
  3932 | D:4      | Slain by an orc wizard

Levels and vault maps discovered:
D:1:      dpeg_arrival_rooms_a, layout_basic
D:2:      layout_loops_cross, shapermc_ecumenical_altar_mp_highgroup
D:3:      layout_loops_corners, uniq_robin
D:4:      layout_basic, old_standard_altar, nicolae_ossuary_entry_catacombs

Skill      XL: |  1  2  3  4  5 |
---------------+----------------+-----
Axes           | 2 3 4 5 |  5.1
Dodging        | 1 |  1.0
Fighting       | |  3.3
Armour         | |  3.2
Shields        | |  3.2

Action                   |  1- 3 |  4- 6 || total
-------------------------+-------+-------++-------
Melee: War axe           |    63 |    94 ||   157
Throw: Boomerang         |     8 |    28 ||    36
  Use: Scroll            |     7 |     4 ||    11
       Potion            |     4 |     1 ||     5
Armor: Scale mail        |    22 |    56 ||    78
Dodge: Dodged            |    19 |    37 ||    56
Block: Buckler           |    18 |    22 ||    40

Table legend:
 A = Non-vault XP
 B = Vault XP
 C = Vault XP percentage of total XP
 D = Non-vault monster count
 E = Vault monster count
 F = Vault count percentage of total count
                 A         B        C        D         E       F
            +---------+---------+-------+---------+---------+-------
      Total |     260 |      38 |  12.8 |      48 |      13 |  21.3
            +---------+---------+-------+---------+---------+-------
        D:1 |      22 |       0 |   0.0 |      13 |       0 |   0.0
        D:2 |      16 |       0 |   0.0 |       6 |       0 |   0.0
        D:3 |     182 |      38 |  17.3 |      21 |      13 |  38.2
        D:4 |      40 |       0 |   0.0 |       8 |       0 |   0.0
            +---------+---------+-------+---------+---------+-------
